 Dungeon Crawl Stone Soup version 0.16-a0-2296-gdce89d5 (webtiles) character file.

54 PolkaDot the Caller (level 3, -1/24 HPs)
             Began as a Vampire Summoner on Nov 16, 2014.
             Slain by a gnoll
             ... wielding a +0 spear
              (11 damage)
             ... on level 2 of the Dungeon.
             The game lasted 00:05:11 (2827 turns).

PolkaDot the Caller (Vampire Summoner)              Turns: 2827, Time: 00:05:11

Health: -1/24      AC:  3    Str:  7    XL:     3   Next: 66%
Magic:  6/6        EV: 12    Int: 18    God:
Gold:   81         SH:  0    Dex: 14    Spells: 3 memorised, 1 level left

rFire  + . .     SeeInvis +     f - -3 dagger (curse)
rCold  + . .     Clarity  .     a - +0 robe
rNeg   + . .     SustAb   +     (no shield)
rPois  +         Gourm    .     e - +0 helmet
rElec  +         Spirit   .     (no cloak)
rCorr  +         Warding  .     (no gloves)
rMut   .         Rnd*Tele +     (no boots)
MR     .....                    (no amulet)
Stlth  ++........               n - ring of sustain abilities
                                d - ring of teleportation (curse)

@: resistant, very slightly contaminated, invisible (expiring), not resistant to
hostile enchantments, unstealthy
A: bottle blood, fangs 3, see invisible, unbreathing
a: Bat Form, Evoke Teleportation


You were on level 2 of the Dungeon.
You were not thirsty.

You visited 1 branch of the dungeon, and saw 2 of its levels.

You collected 81 gold pieces.

Inventory:

Hand weapons
 f - a cursed -3 dagger (weapon)
Armour
 a - a +0 robe (worn)
 e - a +0 helmet (worn)
Jewellery
 d - a cursed ring of teleportation (left hand)
 n - a ring of sustain abilities (right hand)
Scrolls
 c - a scroll of teleportation
 i - a scroll of enchant weapon {unknown}
 l - a scroll of remove curse {unknown}
 m - a scroll of identify {unknown}
 p - a scroll of blinking {unknown}
Potions
 j - a potion of flight {unknown}
 k - a potion of confusion {unknown}
 o - a potion of cancellation {unknown}
Books
 b - a book of Callings

   Spells                             Type                      Level
   *Summon Small Mammal               Summoning                    1
   *Call Imp                          Summoning                    2
   *Call Canine Familiar              Summoning                    3
   Summon Guardian Golem              Hexes/Summoning              4
   Summon Lightning Spire             Summoning/Air                4
   Summon Ice Beast                   Ice/Summoning                4


   Skills:
 - Level 2.1 Dodging
 - Level 3.0 Stealth
 + Level 2.7 Spellcasting
 * Level 4.9 Summonings


You had one spell level left.
You knew the following spells:

 Your Spells              Type           Power        Failure   Level  Hunger
a - Summon Small Mammal   Summ           ###.         1%          1    #......
d - Call Canine Familiar  Summ           ###.....     10%         3    ###....
s - Call Imp              Summ           ###.....     3%          2    ##.....


Dungeon Overview and Level Annotations

Branches:
Dungeon (2/15)

Altars:


Innate Abilities, Weirdness & Mutations

You can bottle blood from corpses.
You have razor-sharp teeth.
You have supernaturally acute eyesight.
You can survive without breathing.


Message History

w - Wait here. f - Follow me.
Anything else - Stay silent.
You shout for attention!
You catch the helpless gnoll completely off-guard!
You puncture the gnoll! Your bite misses the gnoll.
The gnoll is severely wounded.
The gnoll closely misses you.
You hit the gnoll.
The gnoll is almost dead.
The gnoll barely misses you.
You hit the gnoll.
You kill the gnoll!
You hit the gnoll but do no damage.
You flicker for a moment.
The gnoll closely misses you.
You completely miss the gnoll. The gnoll closely misses you.
You hit the gnoll.
The gnoll is lightly wounded.
The gnoll hits you with a spear!
You die...

##########.#....###.#.......###
#....<..##.#.#### #.#..........
##.###.#.##.#.# #.#.##.......
#.....[#.##.#.######...##..#.###
#.....................####.#.# #
#......#........####.## #...# #
#......#........# #.# #...# #
#......#........# #.#####...###
#......#.......@####............
#..............g.......%....>###
##'#.########.##.#########......
###.#.########.##.# #.........#
....#.........(##g# #.######.##
#################.#####.# #.#
............##.# #.##
########.##.##.# #... #####
#.##.##.#########


You could see 2 gnolls.

Vanquished Creatures
  A gnoll (D:2)
  A giant cockroach (D:2)
  3 goblins
  3 hobgoblins
  3 bats
  A giant newt (D:1)
  2 jackals (D:2)
  3 kobolds (D:1)
  4 rats
21 creatures vanquished.

Vanquished Creatures (collateral kills)
  2 adders (D:2)
  A worm (D:2)
  A giant cockroach (D:1)
  A goblin (D:1)
  3 hobgoblins (D:1)
  3 jackals (D:1)
  A bat (D:1)
  2 kobolds
14 creatures vanquished.

Vanquished Creatures (others)
  A bat (D:1)
1 creature vanquished.

Grand Total: 36 creatures vanquished

Notes
Turn   | Place    | Note
--------------------------------------------------------------
     0 | D:1      | PolkaDot, the Vampire Summoner, began the quest for the Orb.
     0 | D:1      | Reached XP level 1. HP: 13/13 MP: 3/3
   635 | D:1      | Reached XP level 2. HP: 11/19 MP: 0/4
   767 | D:1      | Learned a level 2 spell: Call Imp
  1553 | D:2      | Reached XP level 3. HP: 8/24 MP: 0/6
  1658 | D:2      | Learned a level 3 spell: Call Canine Familiar
  2827 | D:2      | Slain by a gnoll

Action                   || total
-------------------------++-------
Melee: Unarmed           ||    55
       Dagger            ||   109
 Cast: Summon Small Mamm ||    20
       Call Imp          ||     4
       Call Canine Famil ||     2
  Use: Potion            ||     3
       Scroll            ||     1
 Stab: Sleeping          ||     1
       Distracted        ||     2
       Invisible         ||     1
  Eat: Corpse            ||    10
